 Dungeon Crawl Stone Soup version 0.26.1-11-gd32895ea62 (webtiles) character file.

Game seed: 6878077430917439851

51 ubername the Chiller (level 3, -3/24 HPs)
             Began as a Barachi Ice Elementalist on July 8, 2021.
             Shot with a sling bullet by a goblin (8 damage)
             ... on level 2 of the Dungeon.
             The game lasted 00:03:06 (1697 turns).

ubername the Chiller (Barachi Ice Elementalist)     Turns: 1697, Time: 00:03:07

Health: -3/24      AC:  8    Str:  9    XL:     3   Next: 81%
Magic:  5/7        EV: 12    Int: 16    God:
Gold:   100        SH:  0    Dex: 12    Spells: 1/8 levels left

rFire    . . .     SeeInvis .   e - +0 dagger (venom)
rCold    . . .     Faith    .   (no shield)
rNeg     . . .     Spirit   .   a - +0 robe
rPois    .         Reflect  .   (no helmet)
rElec    .         Harm     .   (no cloak)
rCorr    .         Rampage  .   (no gloves)
Will     .....                  (no boots)
Stlth    ++........             (no amulet)
HPRegen  0.08/turn              (no ring)
MPRegen  0.10/turn              (no ring)

@: icy armour, slow
A: +LOS, swims, slowness 1, strong legs 1
a: Hop


You were on level 2 of the Dungeon.
You visited 1 branch of the dungeon, and saw 2 of its levels.

You collected 100 gold pieces.

Inventory:

Hand Weapons
 c - a +0 short sword
 e - a +0 dagger of venom (weapon)
Armour
 a - a +0 robe (worn)
Scrolls
 j - a scroll of teleportation
Potions
 b - 3 potions of flight {unknown}
 f - a potion of brilliance
 g - 4 potions of haste
 h - a potion of heal wounds
 i - a potion of berserk rage


   Skills:
 + Level 0.1 Short Blades
 + Level 2.2 Dodging
 + Level 1.9 Stealth
 + Level 3.0 Spellcasting
 + Level 5.7 Ice Magic


You had one spell level left.
You knew the following spells:

 Your Spells              Type           Power        Failure   Level
a - Freeze                Ice            80%          1%          1
b - Frozen Ramparts       Ice            40%          5%          3
c - Ozocubu's Armour      Ice            20%          5%          3

Your spell library contained the following spells:

 Spells                   Type           Power        Failure   Level
 Hailstorm                Conj/Ice       11%          50%         4
 Summon Ice Beast         Ice/Summ       11%          50%         4


Dungeon Overview and Level Annotations

Branches:
Dungeon (2/15)

Altars:
Ashenzari


Innate Abilities, Weirdness & Mutations

You can be seen from farther away. (+LOS)
You can swim through water.
You cover ground slowly.
You can hop short distances.


Message History

The spell is quite dangerous to cast (5% risk of failure)!
Continue anyway? [Y]es or [N]o only, please.
The spell is quite dangerous to cast (5% risk of failure)!
Continue anyway? [Y]es or [N]o only, please.
The spell is quite dangerous to cast (5% risk of failure)!
Continue anyway?
A film of ice covers your body!
The goblin shoots a sling bullet.
The sling bullet barely misses you.
The goblin shoots a sling bullet.
The sling bullet closely misses you.
The goblin shoots a sling bullet.
The sling bullet barely misses you.
The goblin shoots a sling bullet.
The sling bullet misses you.
The goblin shoots a sling bullet.
The sling bullet barely misses you.
The goblin shoots a sling bullet.
The sling bullet closely misses you.
The goblin shoots a sling bullet.
The sling bullet barely misses you.
The goblin shoots a sling bullet.
The sling bullet closely misses you.
The goblin shoots a sling bullet.
The sling bullet closely misses you.
The goblin shoots a sling bullet.
The sling bullet hits you.
* * * LOW HITPOINT WARNING * * *
The goblin shoots a sling bullet.
The sling bullet closely misses you.
The goblin shoots a sling bullet.
The sling bullet hits you!
You die...

############
#..........###### ####
#.########......# #.#...# #.#
######.#
.......##.#############.#
........g((((@((......#.#####
#......#.(########..........#
#.#...#...# #.##.#.###.#
##.#..#..# #.##.#.#
#...###... #.##.#.. ###. .###
#.##.###. ## ## #.#..# .#
#.#.####.# #.......#


You could see a goblin.

Vanquished Creatures
  An adder (D:2)
  A worm (D:2)
  4 dart slugs (D:1)
  A leopard gecko (D:1)
  2 bats (D:1)
  2 giant cockroaches (D:1)
  4 hobgoblins
  2 jackals (D:2)
  A frilled lizard (D:1)
  6 goblins (D:1)
  3 kobolds (D:1)
27 creatures vanquished.

Notes
Turn   | Place    | Note
-------+----------+-------------------------------------------
     0 | D:1      | ubername the Barachi Ice Elementalist began the quest for
                  | the Orb.
     0 | D:1      | Reached XP level 1. HP: 13/13 MP: 3/3
   208 | D:1      | Reached skill level 5 in Ice Magic
   277 | D:1      | Reached XP level 2. HP: 15/19 MP: 1/5
   814 | D:1      | Reached XP level 3. HP: 24/24 MP: 4/6
   868 | D:1      | Learned a level 3 spell: Frozen Ramparts
   872 | D:1      | Learned a level 3 spell: Ozocubu's Armour
  1363 | D:2      | Found a broken altar of Ashenzari.
  1697 | D:2      | Shot with a sling bullet by a goblin

Illustrated notes

Levels and vault maps discovered:
D:1:      minmay_arrival_widening_spiral_wide, layout_loops_ring
D:2:      layout_loops_ring, nicolae_ashenzari_panopticon, uniq_terence

Skill      XL: |  1  2  3 |
---------------+----------+-----
Ice Magic      | 5 |  5.7
Spellcasting   | 3 |  3.0
Short Blades   | |  0.1
Dodging        | |  2.2
Stealth        | |  1.9

Action                   || total
-------------------------++-------
Melee: Dagger            ||    11
 Cast: Freeze            ||    33
       Ozocubu's Armour  ||     2
       Frozen Ramparts   ||     2
  Use: Scroll            ||     4
       Potion            ||     2
Armor: Robe              ||     7
Dodge: Dodged            ||    34
